 Dungeon Crawl Stone Soup version 0.30.1-9-gdf580d7c3d (webtiles) character file.

Game seed: 4252455909589731486

60 leafyfresh the Covert (level 4, -3/41 HPs)
             Began as a Gnoll Delver on Oct 15, 2023.
             Slain by a scorpion (5 damage)
             ... on level 5 of the Dungeon.
             The game lasted 00:00:50 (334 turns).

leafyfresh the Covert (Gnoll Delver)                 Turns: 334, Time: 00:00:51

Health: -3/41      AC:  3    Str: 11    XL:     4   Next: 4%
Magic:  5/5        EV: 13    Int: 12    God:
Gold:   37         SH:  0    Dex: 13    Spells: 5/5 levels left

rFire   . . .        a - +0 short sword
rCold   . . .        (no shield)
rNeg    . . .        b - +0 leather armour
rPois   .            (no helmet)
rElec   .            (no cloak)
rCorr   .            (no gloves)
SInv    .            (no boots)
Will    .....        (no amulet)
Stlth   ++++         (no ring)
HPRegen 0.26/turn    (no ring)
MPRegen 0.09/turn

%: no passive effects
@: lethally poisoned (-3 -> -9)
A: fangs 1, strong nose, distributed training
a: no special abilities


You were on level 5 of the Dungeon.
You visited 1 branch of the dungeon, and saw 1 of its levels.

You collected 37 gold pieces.

Inventory:

Hand Weapons
 a - a +0 short sword (weapon)
Armour
 b - a +0 leather armour (worn)
Wands
 g - a wand of digging (3)
Scrolls
 c - a scroll of fog
 d - a scroll of magic mapping
 i - a scroll of acquirement {unknown}
 j - a scroll of identify {unknown}
Potions
 f - a potion of haste
 h - a potion of degeneration {unknown}


   Skills:
 + Level 6.6 Fighting
 + Level 4.6 Short Blades
 + Level 1.0 Long Blades
 + Level 1.0 Axes
 + Level 1.0 Maces & Flails
 + Level 1.0 Polearms
 + Level 1.0 Staves
 + Level 1.0 Ranged Weapons
 + Level 1.0 Throwing
 + Level 1.0 Armour
 + Level 4.6 Dodging
 + Level 9.6 Stealth
 + Level 1.0 Shields
 + Level 1.0 Unarmed Combat
 + Level 1.0 Spellcasting
 + Level 0.8 Conjurations
 + Level 0.8 Hexes
 + Level 0.8 Summonings
 + Level 0.8 Necromancy
 + Level 0.8 Translocations
 + Level 0.8 Transmutations
 + Level 0.8 Fire Magic
 + Level 0.8 Ice Magic
 + Level 0.8 Air Magic
 + Level 0.8 Earth Magic
 + Level 0.8 Poison Magic
 + Level 1.1 Invocations
 + Level 1.0 Evocations


You had 5 spell levels left.
You didn't know any spells.
Your spell library was empty.

Dungeon Overview and Level Annotations

Branches:
Dungeon (5/15)
 Temple: D:4-7

Altars:
Dithmenos
Makhleb
Ru
Wu Jian


Innate Abilities, Weirdness & Mutations

You have very sharp teeth.
Your uncanny sense of smell can sniff out nearby items.
Your experience applies equally to all skills.


Message History

You feel sick. The scorpion barely misses you.
You hit the scorpion. Your bite misses the scorpion.
The scorpion is heavily wounded.
You feel sick.
You hit the scorpion.
The scorpion is severely wounded.
You feel sick. The scorpion closely misses you.
You barely miss the scorpion.
The scorpion is severely wounded.
You feel sick.
The scorpion stings you but does no damage.
You hit the scorpion.
The scorpion is almost dead.
You feel sick. The scorpion barely misses you.
You hit the scorpion.
The scorpion is almost dead.
The scorpion stings you.
* * * LOW HITPOINT WARNING * * *
You hit the scorpion but do no damage.
The scorpion is almost dead.
You feel sick. The scorpion stings you.
* * * LOW HITPOINT WARNING * * *
You are lethally poisoned!
The scorpion poisons you!
You closely miss the scorpion.
You bite the scorpion, but do no damage.
The scorpion is almost dead.
* * * LOW HITPOINT WARNING * * *
You feel sick. The scorpion closely misses you.
You hit the scorpion but do no damage.
The scorpion is almost dead.
* * * LOW HITPOINT WARNING * * *
You feel sick. The scorpion stings you.
* * * LOW HITPOINT WARNING * * *
You barely miss the scorpion.
You bite the scorpion, but do no damage.
The scorpion is almost dead.
* * * LOW HITPOINT WARNING * * *
You feel sick. The scorpion stings you.
You die...

#.# #.## #.# #.#
#..##+##..# ##.#
#....#....# #..#
##.......# #..#
∆+....?..+ ∆∆ #..#
##.......# ∆ #..#
##....#....#
#..###...........#
#.@s....?..........
#..######.....#####
#..# +#...#+ ∆ #..#
##.## ∆ #..# .#
#..# #∆ ∆ #..# #...
∆ #.##


You could see a scorpion.

Vanquished Creatures
  2 iguanas (D:5)
  An adder (D:5)
3 creatures vanquished.

Notes
Turn   | Place    | Note
-------+----------+-------------------------------------------
     0 | D:5      | Reached skill level 9 in Stealth
     0 | D:5      | leafyfresh the Gnoll Delver began the quest for the Orb.
     0 | D:5      | Reached XP level 1. HP: 23/23 MP: 1/1
    11 | D:5      | Reached XP level 2. HP: 29/29 MP: 2/2
    38 | D:5      | Found a burning altar of Makhleb.
    40 | D:5      | Reached skill level 1 in Invocations
    40 | D:5      | Reached XP level 3. HP: 35/35 MP: 2/4
    45 | D:5      | Reached skill level 1 in Long Blades
    45 | D:5      | Reached skill level 1 in Axes
    45 | D:5      | Reached skill level 1 in Maces & Flails
    45 | D:5      | Reached skill level 1 in Polearms
    45 | D:5      | Reached skill level 1 in Staves
    45 | D:5      | Reached skill level 1 in Ranged Weapons
    45 | D:5      | Reached skill level 1 in Throwing
    45 | D:5      | Reached skill level 1 in Armour
    45 | D:5      | Reached skill level 1 in Shields
    45 | D:5      | Reached skill level 1 in Unarmed Combat
    45 | D:5      | Reached skill level 1 in Spellcasting
    45 | D:5      | Reached skill level 1 in Evocations
    45 | D:5      | Reached XP level 4. HP: 41/41 MP: 2/5
    77 | D:5      | Found a sacrificial altar of Ru.
    78 | D:5      | Found an ornate altar of the Wu Jian Council.
    79 | D:5      | Found a shadowy altar of Dithmenos.
   108 | D:5      | Noticed a scorpion
   334 | D:5      | HP: 2/41 [poisoned by a scorpion]
   334 | D:5      | Slain by a scorpion

Illustrated notes

Levels and vault maps discovered:
D:5:      layout_cave_pools, mainiacjoe_overflow_alcove_3,
          nicolae_ossuary_entry_monument, chequers_serial_rivers_marsh,
          minmay_pentangle, uniq_sigmund

Skill      XL: |  1  2  3 |
---------------+----------+-----
Stealth        | |  9.6
Invocations    | 1 |  1.1
Long Blades    | 1 |  1.0
Axes           | 1 |  1.0
Maces & Flails | 1 |  1.0
Polearms       | 1 |  1.0
Staves         | 1 |  1.0
Ranged Weapons | 1 |  1.0
Throwing       | 1 |  1.0
Armour         | 1 |  1.0
Shields        | 1 |  1.0
Unarmed Combat | 1 |  1.0
Spellcasting   | 1 |  1.0
Evocations     | 1 |  1.0
Fighting       | |  6.6
Short Blades   | |  4.6
Dodging        | |  4.6
Conjurations   | |  0.8
Hexes          | |  0.8
Summonings     | |  0.8
Necromancy     | |  0.8
Translocations | |  0.8
Transmutations | |  0.8
Fire Magic     | |  0.8
Ice Magic      | |  0.8
Air Magic      | |  0.8
Earth Magic    | |  0.8
Poison Magic   | |  0.8

Action                     |  1- 3 |  4- 6 || total
---------------------------+-------+-------++-------
  Melee: Short sword       |     3 |    27 ||    30
         Bite              |       |     5 ||     5
         Punch             |       |     1 ||     1
    Use: Scroll            |       |     1 ||     1
   Stab: Sleeping          |     3 |       ||     3
 Armour: Leather armour    |       |     1 ||     1
  Dodge: Dodged            |       |    10 ||    10
